 Dungeon Crawl Stone Soup version 0.30-a0-930-gb9d0489357 (webtiles) character file.

Game seed: 8124774442304314375

189 NateTC the Conjurer (level 5, 0/28 HPs)
             Began as a Tengu Conjurer on Mar 23, 2023.
             Killed from afar by a white imp (10 damage)
             ... with a puff of frost
             ... on level 4 of the Dungeon.
             The game lasted 00:06:46 (3528 turns).

NateTC the Conjurer (Tengu Conjurer)                Turns: 3528, Time: 00:06:47

Health: 0/28       AC:  2    Str:  7    XL:     5   Next: 68%
Magic:  5/10       EV: 17    Int: 20    God:
Gold:   231        SH:  0    Dex: 19    Spells: 1/10 levels left

rFire   . . .      SeeInvis .    (no weapon)
rCold   . . .      Faith    .    (no shield)
rNeg    . . .      Spirit   .    a - +0 robe
rPois   .          Reflect  .    (helmet restricted)
rElec   .          Rampage  .    (no cloak)
rCorr   .                        (no gloves)
Will    .....                    (boots unavailable)
Stlth   ++                       (no amulet)
HPRegen 0.24/turn                h - +6 ring of dexterity
MPRegen 0.12/turn                (no ring)

@: flying quickly and evasively, quick
A: beak, talons 3, nimble flight
a: no special abilities


You were on level 4 of the Dungeon.
You visited 1 branch of the dungeon, and saw 4 of its levels.

You collected 231 gold pieces.

Inventory:

Armour
 a - a +0 robe (worn)
Jewellery
 h - a +6 ring of dexterity (left hand)
Scrolls
 d - 4 scrolls of identify
 f - a scroll of magic mapping
 k - a scroll of teleportation
Potions
 b - a potion of magic
 e - 2 potions of flight


   Skills:
 * Level 4.6 Dodging
 - Level 2.0 Stealth
 + Level 3.0 Spellcasting
 - Level 6.1 Conjurations
 * Level 0.9 Hexes


You had one spell level left.
You knew the following spells:

 Your Spells              Type           Power      Damage    Failure   Level
a - Magic Dart            Conj           100%       1d8       1%          1
b - Searing Ray           Conj           54%        2d6       1%          2
c - Blink                 Tloc           6%         N/A       22%         2
d - Fulminant Prism       Conj/Hex       8%         3d7       32%         4

Your spell library contained the following spells:

 Spells                   Type           Power      Damage    Failure   Level
 Momentum Strike          Conj/Tloc      30%        3d8       6%          2
 Dazzling Flash           Conj/Hex       34%        N/A       10%         3
 Lesser Beckoning         Tloc           6%         N/A       22%         2
 Inner Flame              Hex/Fire       4%         N/A       34%         3
 Flame Wave               Conj/Fire      15%        2d7       36%         4
 Iskenderun's Mystic Bla  Conj/Tloc      15%        2d5       36%         4
 Sticky Flame             Conj/Fire      15%        2d4       36%         4


Dungeon Overview and Level Annotations

Branches:
Dungeon (4/15) Zot: 20554
 Temple: D:4-7

Altars:
Wu Jian

Shops:
D:2 *   D:3 :   D:4 *

Annotations:
D:4 Menkaure


Innate Abilities, Weirdness & Mutations

You have a beak for a mouth.
You have claws for feet.
Your magical nature lets you fly swiftly and evasively.


Message History

Magic restored.
There is an entrance to Xuipp's Elemental Accessories here.
You can access your shopping list by pressing '$'.
Found a whip.
A white imp comes into view.
The white imp shouts!
Something shouts, "Get thee gone, thou yeasty fool-headed socdollager!"
You can't see any susceptible monsters within range! (Use Z to cast anyway.)
A white imp comes into view.
You see here 17 gold pieces.
You now have 231 gold pieces (gained 17).
The white imp picks up a beetle and eats it.
Press: ? - help, v - describe, . - travel
Here: a demonic plant The floor.
The magic dart hits the white imp!
The white imp is heavily wounded.
The magic dart hits the white imp but does no damage.
The white imp is heavily wounded.
The white imp gestures at you. The puff of frost hits you!
The magic dart hits the white imp.
The white imp is almost dead.
Menkaure, Prince of Dust comes into view.
The magic dart hits the white imp.
You kill the white imp!
Menkaure shouts!
The magic dart hits the white imp.
The white imp is moderately wounded.
The magic dart hits the white imp.
The white imp is heavily wounded.
The white imp gestures at you. The puff of frost hits you!
You are too injured to fight recklessly!
You are too injured to fight recklessly!
The white imp gestures at you. The puff of frost misses you.
The white imp gestures at you. The puff of frost hits you!
You die...

...........# .
..........###.# ##
##..........#.#...
#........#........
####....§.M.#....#...
##...........5....#
#....#.≈.∩.≈......#.
###.....................
#......#†..#.@..........
#.....##..........#.....
#..<.###..........####..
#...###............# #.
##..# ........####.#
..............# ...
##... ........# ..
####.......... #


You could see Menkaure and a white imp.

Vanquished Creatures
  Natasha (thrice) (D:2)
  3 adders
  A white imp (D:4)
  4 worms
  A dart slug (D:1)
  4 bats (D:2)
  3 endoplasms
  10 hobgoblins
  4 jackals (D:1)
  5 kobolds
  8 ball pythons
  4 frilled lizards (D:1)
  11 goblins
  5 rats
66 creatures vanquished.

Notes
Turn   | Place    | Note
-------+----------+-------------------------------------------
     0 | D:1      | NateTC the Tengu Conjurer began the quest for the Orb.
     0 | D:1      | Reached XP level 1. HP: 10/10 MP: 4/4
   173 | D:1      | Reached XP level 2. HP: 13/15 MP: 0/6
   575 | D:1      | Learned a level 2 spell: Searing Ray
   667 | D:1      | Reached XP level 3. HP: 19/19 MP: 3/7
  1338 | D:2      | Learned a level 2 spell: Blink
  1411 | D:2      | Found Uletride's Assorted Antiques.
  1613 | D:2      | Noticed Natasha
  1618 | D:2      | Killed Natasha
  1619 | D:2      | Reached XP level 4. HP: 14/24 MP: 2/8
  1672 | D:2      | Found a faded altar of an unknown god.
  1744 | D:2      | Reached skill level 6 in Conjurations
  2079 | D:2      | Noticed Natasha
  2088 | D:2      | Killed Natasha
  2089 | D:2      | Gained mutation: Your magical nature lets you fly swiftly
                  | and evasively. [Tengu growth]
  2089 | D:2      | Reached XP level 5. HP: 28/28 MP: 1/10
  2247 | D:2      | Learned a level 4 spell: Fulminant Prism
  2531 | D:2      | Noticed Natasha
  2541 | D:2      | Killed Natasha
  2690 | D:3      | Found an ornate altar of the Wu Jian Council.
  2891 | D:3      | Found Yjad's Book Emporium.
  3479 | D:4      | Found Xuipp's Elemental Accessories.
  3519 | D:4      | Noticed Menkaure
  3528 | D:4      | Killed from afar by a white imp

Illustrated notes

Levels and vault maps discovered:
D:1:      amcnicky_arrival_flooded_fountain, layout_loops_corners
D:2:      layout_loops_ring, serial_shops, shop, shapermc_ecumenical_altar_venn,
          nrook_mini_backslash, minmay_tripent, uniq_natasha
D:3:      layout_loops_ring, mainiacjoe_overflow_brackets, serial_shops,
          nicolae_square_shop
D:4:      old_forge, layout_cave_pools,
          nicolae_uskayaw_murder_on_the_dancefloor,
          minmay_temple_entry_statues_fountains, serial_demonic,
          serial_demonic_a, serial_demonic_b, serial_demonic_g,
          serial_demonic_c, serial_demonic_b, serial_demonic_c,
          nicolae_elemental_shop, uniq_menkaure

Skill      XL: |  1  2  3  4  5 |
---------------+----------------+-----
Dodging        | 3 4 |  4.6
Conjurations   | 6 |  6.1
Spellcasting   | 3 |  3.0
Stealth        | |  2.0
Hexes          | |  0.9

Action                     |  1- 3 |  4- 6 || total
---------------------------+-------+-------++-------
   Cast: Magic Dart        |    71 |    78 ||   149
    Use: Scroll            |     2 |     5 ||     7
 Armour: Robe              |     1 |       ||     1
  Dodge: Dodged            |     6 |     8 ||    14

Table legend: (Time is in decaauts)
 A = Elapsed time spent in this place.
 B = Non-inter-level travel time spent in this place.
 C = Inter-level travel time spent in this place.
 D = Time resting spent in this place.
 E = Time spent auto-exploring this place.
 F = Levels seen in this place.
 G = Mean time per level.
                   A        B        C        D        E       F      G
               +--------+--------+--------+--------+--------+-----+--------+
         Total |   3444 |   3376 |     68 |    208 |   2857 |   4 |  861.0 |
       Dungeon |   3444 |   3376 |     68 |    208 |   2857 |   4 |  861.0 |
               +--------+--------+--------+--------+--------+-----+--------+

Top non-repeatable levels by time:
     D:1: 1334 daAuts
     D:2: 1267 daAuts
     D:3: 795 daAuts
     D:4: 48 daAuts
